Map: Port Aleksander LE

Players

SortOf

  • Race: Zerg Zerg
  • Spawn Location: 5:00

Zanster - Winner!

  • Race: Zerg Zerg
  • Spawn Location: 11:00

Event: 2019 WCS Winter Europe

VOD

Have the link to the VOD?

Description

Time

  • Played on: Feb. 10, 2019, 9:52 a.m.
  • Length: 6:57

All games in this series

Show
View Real Time Build Order
Export as new Build Order

SortOf Zerg 

Build Orders: Hatch First, Roach Nydus 

Get SALT Encoding   

  12  0:00  Drone  
  13  0:13  Overlord  
  13  0:18  Drone  
  14  0:32  Drone x2  
  16  0:49  Hatchery  
  15  0:53  Drone  
  15  0:56  Drone  
  17  1:00  Extractor  
  17  1:01  Drone  
  17  1:16  Spawning Pool  
  16  1:19  Drone  
  16  1:22  Drone  
  18  1:29  Drone  
  19  1:39  Drone  
  20  1:50  Drone  
  21  2:04  Queen  
  21  2:07  Overlord  
  23  2:08  Drone  
  23  2:11  Lair  
  23  2:12  Extractor, Zergling x2  
  24  2:17  Drone  
  25  2:23  Drone x2  
  27  2:35  Drone x2  
  29  2:40  Queen  
  31  2:45  Roach Warren  
  31  2:47  Drone x2  
  32  2:56  Evolution Chamber  
  31  3:00  Overlord  
  31  3:10  Nydus Network  
  30  3:18  Queen  
  32  3:25  Roach x2  
  36  3:28  Roach  
  36  3:31  Roach  
  40  3:36  Overlord  
  40  3:41  Roach  
  42  3:46  Roach  
  44  3:50  Nydus Canal  
  44  3:54  Overlord  
  44  3:57  Roach  
  48  4:02  Roach  
  48  4:05  Roach  
  50  4:14  Roach  
  52  4:29  Roach  
  52  4:34  Roach x4  
  60  4:41  Overlord  
  58  4:46  Roach  
  58  4:49  Roach  
  58  4:52  Roach  
  54  4:57  Roach  
  48  5:06  Roach  
  42  5:08  Roach  
  42  5:12  Nydus Canal  
  39  5:15  Roach  
  39  5:18  Roach  
  43  5:22  Queen  
  43  5:27  Roach  
  47  5:34  Roach  
  49  5:36  Roach  
  49  5:40  Roach  
  53  5:48  Roach  
  49  5:59  Roach x2  
  49  6:01  Roach  
  49  6:04  Queen  
  49  6:10  Nydus Canal  
  51  6:12  Roach  
  51  6:16  Roach  
  55  6:24  Roach x2  
  59  6:29  Overlord  
Show
View Real Time Build Order
Export as new Build Order

Zanster Zerg - Winner!

Build Orders: Hatch First 

Get SALT Encoding   

  12  0:00  Drone  
  13  0:12  Overlord  
  13  0:17  Drone  
  14  0:31  Drone x2  
  16  0:49  Hatchery  
  15  0:51  Drone  
  15  0:55  Drone  
  17  1:10  Spawning Pool  
  16  1:13  Drone  
  16  1:15  Extractor  
  16  1:18  Drone  
  17  1:21  Drone  
  18  1:28  Drone  
  19  1:39  Drone  
  20  1:55  Overlord  
  20  1:57  Queen  
  20  2:01  Queen  
  24  2:10  Drone  
  24  2:11  Drone x3  
  28  2:23  Zergling x2, Drone  
  30  2:33  Evolution Chamber, Drone  
  30  2:34  Lair, Drone  
  33  2:47  Overlord  
  33  2:49  Drone  
  34  2:57  Roach Warren, Drone x2  
  33  2:59  Zerg Missile Weapons Level 1  
  33  3:02  Extractor  
  32  3:05  Drone  
  32  3:06  Drone x2  
  32  3:09  Drone  
  32  3:11  Drone  
  37  3:15  Drone  
  37  3:16  Drone  
  39  3:21  Overlord  
  39  3:24  Drone  
  40  3:28  Drone  
  40  3:31  Drone  
  42  3:37  Drone  
  43  3:46  Roach x3  
  43  3:47  Roach  
  51  3:54  Overlord  
  51  3:56  Spine Crawler  
  51  3:59  Roach  
  51  4:01  Overlord  
  52  4:04  Overlord  
  52  4:07  Roach  
  53  4:13  Roach x3  
  59  4:20  Roach x4  
  63  4:25  Ravager  
  63  4:29  Roach  
  57  4:32  Roach  
  57  4:36  Queen  
  58  4:41  Roach  
  45  5:00  Roach  
  45  5:03  Zergling x4  
  47  5:07  Roach  
  47  5:11  Drone  
  47  5:12  Drone  
  52  5:18  Drone x2  
  52  5:25  Drone  
  52  5:28  Roach  
  53  5:30  Ravager  
  53  5:35  Queen x2  
  56  5:37  Roach  
  56  5:40  Overlord  
  56  5:41  Ravager  
  59  5:48  Roach  
  61  5:53  Roach  
  60  6:00  Roach x2  
  60  6:03  Drone x4  
  64  6:07  Roach  
  66  6:14  Roach  
  66  6:15  Roach  
  70  6:22  Roach  
  72  6:28  Roach  
  72  6:32  Overlord  
  74  6:35  Roach  
Tags
 
Add a new tag
Caveats
  • Supply blocks, unpowered buildings, or Contaminate may cause inaccurate times.
  • Supply counts are checked every 10 seconds.